 Dungeon Crawl Stone Soup version 0.29.0-4-gdea44cf6ec (webtiles) character file.

Game seed: 12716655786195229976

10 qw the Caller (level 2, -2/23 HPs)
             Began as a Ghoul Summoner on Sept 10, 2022.
             Slain by a quokka (3 damage)
             ... on level 1 of the Dungeon.
             The game lasted 00:00:12 (377 turns).

qw the Caller (Ghoul Summoner)                       Turns: 377, Time: 00:00:12

Health: -2/23      AC:  2    Str: 11    XL:     2   Next: 20%
Magic:  0/3        EV: 12    Int: 10    God:
Gold:   15         SH:  0    Dex:  9    Spells: 3/4 levels left

rFire   . . .      SeeInvis .   g - +0 club
rCold   + . .      Faith    .   (no shield)
rNeg    + + +      Spirit   .   a - +0 robe
rPois   inf        Reflect  .   (no helmet)
rElec   .          Harm     .   (no cloak)
rCorr   .          Rampage  .   (no gloves)
Will    .....                   (no boots)
Stlth   ++........              (no amulet)
HPRegen 0.00/turn               (no ring)
MPRegen 0.08/turn               (no ring)

@: inhibited regen
A: claws 1, cold resistance 1, negative energy resistance 3, inhibited
regeneration, torment resistance 2, devour on kill
a: no special abilities


You were on level 1 of the Dungeon.
You visited 1 branch of the dungeon, and saw 1 of its levels.

You collected 15 gold pieces.


Innate Abilities, Weirdness & Mutations

You are immune to poison.
You have sharp fingernails.
Your flesh is cold resistant. (rC+)
You are immune to negative energy. (rN+++)
You do not regenerate when monsters are visible.
You are immune to unholy pain and torment.
You thrive by killing the living.


   Skills:
 - Level 1.0 Fighting
 + Level 1.2 Axes
 - Level 1.7 Dodging
 - Level 2.1 Stealth
 - Level 1.7 Spellcasting
 - Level 3.6 Summonings


You had 3 spell levels left.
You knew the following spells:

 Your Spells              Type           Power      Damage    Failure   Level
a - Summon Small Mammal   Summ           32%        N/A       8%          1

Your spell library contained the following spells:

 Spells                   Type           Power      Damage    Failure   Level
 Call Imp                 Summ           8%         N/A       11%         2
 Call Canine Familiar     Summ           8%         N/A       22%         3
 Summon Guardian Golem    Hex/Summ       4%         N/A       43%         3
 Summon Lightning Spire   Summ/Air       4%         N/A       83%         4

Inventory:

Hand Weapons
 g - a +0 club (weapon)
Armour
 a - a +0 robe (worn)
Scrolls
 e - a scroll of magic mapping {unknown}
 f - a scroll of brand weapon {unknown}
Potions
 b - a potion of magic
 c - a potion of attraction {unknown}
 d - a potion of invisibility {unknown}

Dungeon Overview and Level Annotations

Branches:
Dungeon (1/15)

Altars:


Message History

366 ||| CASTING Summon Small Mammal
Casting: Summon Small Mammal (safe; 8% risk of failure)
Confirm with . or Enter, or press ? or * to list all spells.
The quokka bites you.
The hobgoblin closely misses something.
The kobold closely misses something.
You hit the quokka but do no damage. The quokka misses you.
The quokka closely misses you.
You hit the quokka.
The quokka is severely wounded.
The quokka bites you but does no damage.
You hit the quokka.
The quokka is almost dead.
The quokka bites you. x2
You barely miss the quokka.
The quokka is almost dead.
The quokka barely misses you. The quokka bites you.
You hit the quokka but do no damage.
The quokka is heavily wounded.
The quokka completely misses you.
You closely miss the quokka.
The quokka is heavily wounded.
The quokka barely misses you. The quokka closely misses you.
You miss the quokka.
The quokka is heavily wounded.
The quokka misses you.
You barely miss the quokka.
The quokka is heavily wounded.
The quokka bites you but does no damage.
The quokka bites you.
You hit the quokka.
The quokka is heavily wounded.
The quokka bites you.
376 ||| CASTING Summon Small Mammal
Casting: Summon Small Mammal (safe; 8% risk of failure)
Confirm with . or Enter, or press ? or * to list all spells.
The quokka barely misses you.
You hit the quokka but do no damage.
The quokka is heavily wounded.
The quokka bites you.
You die...

............|......##..........
..............########..........
.##.#..............##..##.......
. #............###.#..####......
##........##.# #...####......#
#........##.# #..###....###.#
..........#.###..###.##.###(#
...........#..r.....##..##.#
.#.####.....@...###......).# ...
#....r#r#..#.......#(##
##.#####..#..g##.........#...
............##....###+###+#
###..............#...:....
####.#............#.8.}}}>}
#..........#####..#........
#......#..## #..#~~~~~~~~
.....$..##..# #..#~~~~~~~~


You could see a quokka (ally target), a hobgoblin and 2 friendly rats.

Vanquished Creatures
  A dart slug (D:1)
  An endoplasm (D:1)
  A goblin (D:1)
  A quokka (D:1)
  A kobold (D:1)
5 creatures vanquished.

Vanquished Creatures (collateral kills)
  A hobgoblin (D:1)
  2 rats (D:1)
3 creatures vanquished.

Grand Total: 8 creatures vanquished

Notes
Turn   | Place    | Note
-------+----------+-------------------------------------------
     0 | D:1      | qw the Ghoul Summoner began the quest for the Orb.
     0 | D:1      | Reached XP level 1. HP: 14/14 MP: 2/2
     0 | D:1      | 0 ||| qw: Version: 0.1-a-116-g5d60599
     0 | D:1      | 0 ||| qw: Game counter: 7448
     0 | D:1      | 0 ||| qw: Always use a shield: true
     0 | D:1      | 0 ||| qw: God list: Okawaru
     0 | D:1      | 0 ||| qw: Allow faded altars: false
     0 | D:1      | 0 ||| qw: Do Orc after D:15 true
     0 | D:1      | 0 ||| qw: Do second Lair branch before Depths: true
     0 | D:1      | 0 ||| qw: Lair rune preference: random
     0 | D:1      | 0 ||| qw: Plans: Normal
     0 | D:1      | 0 ||| PLANNING D:1-11
    48 | D:1      | 48 ||| CASTING Summon Small Mammal
    49 | D:1      | 49 ||| CASTING Summon Small Mammal
    96 | D:1      | 96 ||| CASTING Summon Small Mammal
    97 | D:1      | 97 ||| CASTING Summon Small Mammal
   127 | D:1      | 127 ||| CASTING Summon Small Mammal
   128 | D:1      | 128 ||| CASTING Summon Small Mammal
   140 | D:1      | 140 ||| CASTING Summon Small Mammal
   177 | D:1      | 177 ||| CASTING Summon Small Mammal
   178 | D:1      | 178 ||| CASTING Summon Small Mammal
   188 | D:1      | Reached skill level 1 in Axes
   189 | D:1      | 189 ||| CASTING Summon Small Mammal
   195 | D:1      | Reached skill level 1 in Fighting
   195 | D:1      | Reached XP level 2. HP: 14/23 MP: 0/3
   313 | D:1      | 313 ||| Wielding weapon +0 club.
   342 | D:1      | 342 ||| CASTING Summon Small Mammal
   343 | D:1      | 343 ||| CASTING Summon Small Mammal
   344 | D:1      | 344 ||| CASTING Summon Small Mammal
   353 | D:1      | 353 ||| Stepping ~*~*~tactically~*~*~ (outnumbered).
   354 | D:1      | 354 ||| Stepping ~*~*~tactically~*~*~ (outnumbered).
   355 | D:1      | 355 ||| CASTING Summon Small Mammal
   357 | D:1      | 357 ||| Stepping ~*~*~tactically~*~*~ (outnumbered).
   360 | D:1      | 360 ||| Stepping ~*~*~tactically~*~*~ (outnumbered).
   361 | D:1      | 361 ||| Stepping ~*~*~tactically~*~*~ (outnumbered).
   363 | D:1      | 363 ||| Stepping ~*~*~tactically~*~*~ (outnumbered).
   364 | D:1      | 364 ||| Stepping ~*~*~tactically~*~*~ (outnumbered).
   366 | D:1      | 366 ||| CASTING Summon Small Mammal
   374 | D:1      | HP: 3/23 [quokka (3)]
   375 | D:1      | HP: 1/23 [quokka (2)]
   376 | D:1      | 376 ||| CASTING Summon Small Mammal
   377 | D:1      | Slain by a quokka

Levels and vault maps discovered:
D:1:      zaba_arrival_water, layout_rooms, basic_ecumenical_altar

Skill      XL: |  1 |
---------------+----+-----
Axes           | 1 |  1.2
Fighting       | 1 |  1.0
Dodging        | |  1.7
Stealth        | |  2.1
Spellcasting   | |  1.7
Summonings     | |  3.6

Action                   || total
-------------------------++-------
Melee: Unarmed           ||    21
       Club              ||    17
 Cast: Summon Small Mamm ||    13
Armor: Robe              ||     9
Dodge: Dodged            ||    44

Table legend:
 A = Non-vault XP
 B = Vault XP
 C = Vault XP percentage of total XP
 D = Non-vault monster count
 E = Vault monster count
 F = Vault count percentage of total count
                 A         B        C        D         E       F
            +---------+---------+-------+---------+---------+-------
      Total |      15 |       0 |   0.0 |       8 |       0 |   0.0
            +---------+---------+-------+---------+---------+-------
        D:1 |      15 |       0 |   0.0 |       8 |       0 |   0.0
            +---------+---------+-------+---------+---------+-------
